 Dungeon Crawl Stone Soup version 0.31-a0-844-gdc52ec4e09 (webtiles) character file.

Game seed: 4022616515040831462

73 dialectric the Changeling (level 4, -3/67 HPs)
             Began as an Octopode Shapeshifter on Oct 1, 2023.
             Killed by divine providence
             ... invoked by an orc priest
              (13 damage)
             ... on level 3 of the Dungeon.
             The game lasted 00:01:47 (1318 turns).

dialectric the Changeling (Octopode Shapeshifter)   Turns: 1318, Time: 00:01:48

Health: -3/67      AC: 22    Str: 15    XL:     4   Next: 27%
Magic:  4/4        EV:  2    Int: 12    God:
Gold:   104        SH:  0    Dex: 11    Spells: 3/3 levels left

rFire   . . .        g - +0 short sword
rCold   . . .        (no shield)
rNeg    . . .        (helmet currently unavailable)
rPois   +            (no amulet)
rElec   .            h - ring of see invisible
rCorr   .            (no ring)
SInv    +            (no ring)
Will    .....        (no ring) Stlth
                     (no ring)
HPRegen 0.31/turn    (no ring)
MPRegen 0.09/turn    (no ring)
                     (no ring)

%: no passive effects
@: confused, berserking, tree-form, very quick
A: stationary, stasis, torment immunity, boosted hp, almost no armour,
(amphibious), 8 rings, (camouflage 1), (gelatinous body 1), (nimble swimmer 1),
(tentacles), mutation resistance 1, robust 1, subdued magic 1
a: no special abilities


You were on level 3 of the Dungeon.
You were a tree.
You visited 1 branch of the dungeon, and saw 3 of its levels.

You collected 104 gold pieces.

Inventory:

Hand Weapons
 g - a +0 short sword (weapon)
Missiles
 k - 6 javelins
Jewellery
 h - a ring of see invisible (left branch)
Talismans
 b - a beast talisman
 c - a flux talisman
Scrolls
 f - a scroll of blinking {unknown}
 i - a scroll of teleportation {unknown}
 l - a scroll of identify {unknown}
 m - a scroll of fear {unknown}
Potions
 a - a potion of lignification
 d - a potion of heal wounds {unknown}
 n - a potion of curing {unknown}


   Skills:
 + Level 1.1 Fighting
 + Level 2.4 Dodging
 * Level 3.0 Stealth
 - Level 3.0 Unarmed Combat
 + Level 3.8 Shapeshifting


You had 3 spell levels left.
You didn't know any spells.
Your spell library was empty.

Dungeon Overview and Level Annotations

Branches:
Dungeon (2/15)

Altars:
Wu Jian


Innate Abilities, Weirdness & Mutations

You are a tree.
Your roots penetrate the ground, keeping you stationary.
You cannot be teleported.
You are immune to unholy pain and torment.
Your maximum health is greatly increased.
You cannot wear most types of armour.
((You are amphibious.))
You can wear up to eight rings at the same time.
((Your skin changes colour to match your surroundings (Stealth+).))
((Your rubbery body absorbs attacks. (AC +1, EV +1)))
((You are camouflaged when in or above water. (Stealth+)))
((You have tentacles for arms and can constrict up to eight enemies at once.))
You are somewhat resistant to further mutation.
You are robust. (+10% HP)
Your spells are a little easier to cast, but a little less powerful.


Message History

The orc wizard points at you and mumbles some strange words.
You resist with some effort.
There is an open door here.
Things that are here:
a +0 dagger; a goblin corpse Your transformation has ended.
You turn into a tree.
Your roots penetrate the ground.
You smack the orc wizard!
Your punch misses the orc wizard.
The orc wizard is almost dead.
The orc priest hits the plant with a +0 short sword.
The plant begins to die.
Unknown command.
It was a potion of mutation.
You feel extremely strange.
Your connection to magic feels subdued.
You feel genetically stable.
You feel robust.
A nearby plant withers and dies.
The orc wizard points at you and mumbles some strange words.
You are confused.
The orc priest hits the plant with a +0 short sword.
It was a potion of berserk rage.
A red film seems to cover your vision as you go berserk!
You feel yourself moving faster!
You feel mighty!
The orc wizard hits you but does no damage.
The orc priest hits the plant with a +0 short sword.
The orc hits the plant with a +0 club.
The orc hits the plant with a +0 war axe.
You cannot move. (Use ctrl+direction or * direction to attack while stationary and confused.)
You cannot move. (Use ctrl+direction or * direction to attack while stationary and confused.)
You cannot move. (Use ctrl+direction or * direction to attack while stationary and confused.)
You cannot move. (Use ctrl+direction or * direction to attack while stationary and confused.) Unknown command.
You are already empty-handed.
Unknown command.
Unknown command.
You are already empty-handed.
g - a +0 short sword (weapon)
You feel a strong urge to attack something.
The orc priest mumbles some strange prayers to Beogh against you.
Beogh smites you!
You die...

#.######.. #.........
### ##.####### ....
#.#)## ##+## ....#
#.###.####...## #... .#
##.##.....## #..# #
##........####...##..
##..........##o.......
#...........♣ooP.P...P
#.##.......$.##oo......
..#
##.......###...PPP.P
### ##.....## #.P......
##...## #.P.._... ##+##
#.P......


#.P.PPP.P ....... You could see an orc priest, an orc wizard (invisible) and 3
orcs.

Vanquished Creatures
  2 adders (D:2)
  A worm (D:2)
  5 orcs (D:3)
  5 bats
  8 endoplasms
  3 giant cockroaches
  6 goblins
  4 hobgoblins
  A quokka (D:1)
  5 kobolds
  2 rats (D:1)
42 creatures vanquished.

Notes
Turn   | Place    | Note
-------+----------+-------------------------------------------
     0 | D:1      | dialectric the Octopode Shapeshifter began the quest for
                  | the Orb.
     0 | D:1      | Reached XP level 1. HP: 13/13 MP: 1/1
   148 | D:1      | Reached XP level 2. HP: 15/18 MP: 2/2
   555 | D:1      | Found a faded altar of an unknown god.
   619 | D:1      | Reached skill level 1 in Stealth
   855 | D:2      | Reached XP level 3. HP: 23/23 MP: 3/3
  1222 | D:2      | Reached XP level 4. HP: 28/28 MP: 4/4
  1229 | D:2      | You fall into a shaft and drop 1 floor!
  1304 | D:3      | Found an ornate altar of the Wu Jian Council.
  1316 | D:3      | Gained mutation: Your spells are a little easier to cast,
                  | but a little less powerful. [potion of mutation]
  1316 | D:3      | Gained mutation: You are somewhat resistant to further
                  | mutation. [potion of mutation]
  1316 | D:3      | Gained mutation: You are robust. (+10% HP) [potion of
                  | mutation]
  1318 | D:3      | Killed from afar by an orc priest

Illustrated notes

Levels and vault maps discovered:
D:1:      dpeg_arrival_fog, layout_loops_corners, ebering_ecumenical_altar_webs
D:2:      layout_basic
D:3:      layout_loops_corners, slow_altar_2, mainiacjoe_overflow_cross_hatched

Skill      XL: |  1  2  3  4 |
---------------+-------------+-----
Stealth        | 1 2 3 |  3.0
Fighting       | |  1.1
Dodging        | |  2.4
Unarmed Combat | |  3.0
Shapeshifting  | |  3.8

Action                     |  1- 3 |  4- 6 || total
---------------------------+-------+-------++-------
  Melee: Unarmed           |    64 |    23 ||    87
         Tentacles         |    12 |     3 ||    15
         Punch             |     3 |     1 ||     4
         Constrict         |    17 |     7 ||    24
    Use: Potion            |       |     3 ||     3
   Stab: Sleeping          |     7 |       ||     7
 Armour: Skin              |    25 |     7 ||    32
  Dodge: Dodged            |    40 |    10 ||    50

Table legend: (Time is in decaauts)
 A = Elapsed time spent in this place.
 B = Non-inter-level travel time spent in this place.
 C = Inter-level travel time spent in this place.
 D = Time resting spent in this place.
 E = Time spent auto-exploring this place.
 F = Levels seen in this place.
 G = Mean time per level.
                   A        B        C        D        E       F      G
               +--------+--------+--------+--------+--------+-----+--------+
         Total |   1312 |   1287 |     25 |     35 |    956 |   3 |  437.3 |
       Dungeon |   1312 |   1287 |     25 |     35 |    956 |   3 |  437.3 |
               +--------+--------+--------+--------+--------+-----+--------+

Top non-repeatable levels by time:
     D:1: 847 daAuts
     D:2: 377 daAuts
     D:3: 87 daAuts
